 Dungeon Crawl Stone Soup version 0.18.1-50-g88ac8fd (webtiles) character file.

664 varam the Grappler (level 7, -3/66 HPs)
             Began as a Troll Monk on Oct 22, 2016.
             Killed by divine providence
             ... invoked by an orc priest
              (12 damage)
             ... on level 5 of the Dungeon.
             The game lasted 00:05:17 (3053 turns).

varam the Grappler (Troll Monk)                     Turns: 3053, Time: 00:05:18

Health: -3/66      AC:  5    Str: 20    XL:     7   Next: 31%
Magic:  6/6        EV: 10    Int:  6    God:
Gold:   271        SH:  0    Dex: 14    Spells: 0 memorised, 6 levels left

rFire  . . .     SeeInvis .       - Unarmed
rCold  . . .     Gourm    +     a - +0 robe
rNeg   . . .     Faith    .     (no shield)
rPois  .         Spirit   .     (helmet restricted)
rElec  .         Dismiss  .     (no cloak)
rCorr  .         Reflect  .     (gloves unavailable)
SustAt .         Harm     .     (boots unavailable)
MR     .....                    (no amulet)
Stlth  ++........               (no ring)
                                (no ring)

@: not resistant to hostile enchantments, unstealthy
A: unfitting armour, claws 3, fast metabolism 3, gourmand, regeneration 2,
shaggy fur 1, tough skin 2
a: no special abilities


You were on level 5 of the Dungeon.
You were very full.

You visited 1 branch of the dungeon, and saw 5 of its levels.

You collected 271 gold pieces.

Inventory:

Missiles
 k - 91 stones (quivered)
 o - 8 tomahawks
Armour
 a - a +0 robe (worn)
Jewellery
 j - an uncursed ring of resist corrosion {unknown}
 q - an uncursed ring of magical power {unknown}
 u - a cursed -3 ring of dexterity {unknown}
Wands
 v - a wand of slowing (25/48)
Scrolls
 c - 4 scrolls of immolation {unknown}
 d - a scroll of fear {unknown}
 h - 3 scrolls of identify {unknown}
 i - 2 scrolls of magic mapping {unknown}
 p - a scroll of enchant weapon {unknown}
Potions
 e - 2 potions of berserk rage {unknown}
 f - a potion of haste {unknown}
 m - a potion of resistance {unknown}
 r - a potion of ambrosia {unknown}
 t - a potion of heal wounds {unknown}
Comestibles
 b - 5 bread rations
 g - a meat ration
 l - 4 fruits
 n - a royal jelly
 s - a slice of pizza
 w - 8 chunks of flesh


   Skills:
 - Level 2.4 Fighting
 - Level 2.4 Dodging
 - Level 1.1 Stealth
 + Level 9.0 Unarmed Combat


You had 6 spell levels left.
You didn't know any spells.

Dungeon Overview and Level Annotations

Branches:
Dungeon (5/15)
 Temple: D:4-7

Altars:
Cheibriados
Ru


Innate Abilities, Weirdness & Mutations

You are too large for most types of armour.
You have claws for hands.
Your metabolism is lightning-fast.
You like to eat raw meat.
You heal very quickly.
You are covered in fur (AC +1).
You have very tough skin (AC +2).


Message History

* * * LOW HITPOINT WARNING * * *
You claw the sky beast!
The sky beast is heavily wounded.
The sky beast hits you but does no damage.
You scratch the sky beast but do no damage.
The sky beast is heavily wounded.
The sky beast hits you but does no damage.
You completely miss the sky beast.
The sky beast is heavily wounded.
You barely miss the sky beast.
The sky beast is heavily wounded.
The sky beast flickers out of sight!
Deactivating autopickup; reactivate with Ctrl-A.
Something hits you.
* * * LOW HITPOINT WARNING * * *
Something shocks you.
* * * LOW HITPOINT WARNING * * *
The orc priest mumbles some strange prayers to Beogh against you.
Beogh smites you!
You die...

#.# #.... .> ....# #. #
#.#.#.# #. #. #.#.#.#
#. #.. #.#.#.###.######
#..o##.....(.#.#...<#
#.?o{@....(..#.#.#####
###o###......#........
####+##.......###.#####
#.............###.#
#............)รท)).#
#..........)..#####
#.............#
#...........(.#
#.......#######


You could see an orc priest and 2 orcs.

Vanquished Creatures
  A phantom (D:4)
  2 ogres (D:4)
  A scorpion (D:4)
  A crimson imp (D:3)
  2 orc wizards
  An orc priest (D:5)
  A giant frog skeleton (D:4)
  An iguana (D:4)
  A worker ant (D:4)
  A gnoll (D:4)
  4 adders
  2 oozes
  A worm (D:4)
  A dart slug (D:1)
  2 giant geckos (D:2)
  21 orcs
  2 ball pythons
  4 giant cockroaches
  6 goblins
  5 hobgoblins
  2 jackals (D:2)
  8 kobolds
  2 quokkas
  A ball python skeleton (D:4)
  3 bats
  6 giant newts
  A quokka skeleton (D:4)
  7 rats
  A fungus (D:3)
91 creatures vanquished.

Vanquished Creatures (others)
  A dart slug (D:5)
1 creature vanquished.

Grand Total: 92 creatures vanquished

Notes
Turn   | Place    | Note
--------------------------------------------------------------
     0 | D:1      | varam the Troll Monk began the quest for the Orb.
     0 | D:1      | Reached XP level 1. HP: 22/22 MP: 0/0
   221 | D:1      | Reached XP level 2. HP: 29/29 MP: 1/1
   561 | D:2      | Reached skill level 5 in Unarmed Combat
   561 | D:2      | Reached XP level 3. HP: 32/36 MP: 2/2
  1160 | D:3      | Reached XP level 4. HP: 44/44 MP: 3/3
  1260 | D:3      | Reached skill level 6 in Unarmed Combat
  1327 | D:3      | Found a sacrificial altar of Ru.
  1375 | D:3      | Reached XP level 5. HP: 35/50 MP: 4/4
  2011 | D:4      | Noticed an ogre
  2105 | D:4      | Noticed an ogre
  2111 | D:4      | Killed an ogre
  2111 | D:4      | Reached skill level 7 in Unarmed Combat
  2111 | D:4      | Reached XP level 6. HP: 52/59 MP: 5/5
  2304 | D:4      | Reached skill level 8 in Unarmed Combat
  2381 | D:4      | Reached XP level 7. HP: 66/66 MP: 6/6
  2517 | D:4      | Found a snail-covered altar of Cheibriados.
  2812 | D:5      | Entered Level 5 of the Dungeon
  2819 | D:5      | Reached skill level 9 in Unarmed Combat
  3053 | D:5      | Killed from afar by an orc priest

Skill      XL: |  1  2  3  4  5  6  7 |
---------------+----------------------+-----
Unarmed Combat | 5 6 7 8 9 |  9.0
Fighting       | |  2.4
Dodging        | |  2.4
Stealth        | |  1.1

Action                   |  1- 3 |  4- 6 |  7- 9 || total
-------------------------+-------+-------+-------++-------
Melee: Unarmed           |   105 |   119 |    64 ||   288
       Punch             |     2 |     2 |     1 ||     5
Throw: Stone             |       |       |     1 ||     1
 Stab: Sleeping          |     2 |     1 |       ||     3
  Eat: Chunk             |     8 |    19 |     6 ||    33
Armor: Robe              |    43 |    29 |    25 ||    97
Dodge: Dodged            |    55 |    59 |    23 ||   137
